 Dungeon Crawl Stone Soup version 0.24-a0-93-ge1bfdf8 (console) character file.

Game seed: 6343085973911697112

2358 Voker57 the Carver (level 9, -2/71 HPs)
             Began as a Demonspawn Gladiator on Feb 11, 2019.
             Slain by a two-headed ogre
             ... wielding a +0 giant club
              (10 damage)
             ... on level 8 of the Dungeon.
             The game lasted 00:11:47 (7216 turns).

Voker57 the Carver (Demonspawn Gladiator)           Turns: 7216, Time: 00:11:48

Health: -2/71      AC:  9    Str: 14    XL:     9   Next: 20%
Magic:  9/9        EV: 16    Int:  9    God:
Gold:   370        SH:  0    Dex: 19    Spells: 8/8 levels left

rFire    . . .     SeeInvis .   a - +0 long sword
rCold    . . .     Gourm    .   (no shield)
rNeg     . . .     Faith    .   b - +0 leather armour
rPois    .         Spirit   .   c - +0 helmet
rElec    .         Reflect  .   j - +0 cloak
rCorr    .         Harm     .   y - +0 pair of gloves
MR       .....                  (no boots)
Stlth    +.........             (no amulet)
HPRegen  0.21/turn              (no ring)
MPRegen  0.11/turn              (no ring)

@: no status effects
A: claws 1, thin metallic scales 2, demonic guardian 1, powered by pain 2
a: no special abilities


You were on level 8 of the Dungeon.
You were hungry.

You visited 1 branch of the dungeon, and saw 7 of its levels.

You collected 370 gold pieces.

Inventory:

Hand Weapons
 a - a +0 long sword (weapon)
Armour
 b - a +0 leather armour (worn)
 c - a +0 helmet (worn)
 j - a +0 cloak (worn)
 y - a +0 pair of gloves (worn)
Jewellery
 d - an uncursed ring of protection from cold {unknown}
 h - a +2 ring of strength {unknown}
 z - an uncursed amulet of harm {unknown}
 B - a +2 ring of evasion {unknown}
Wands
 n - a wand of polymorph (1)
 u - a wand of acid (3)
 C - a wand of random effects (18)
Scrolls
 g - a scroll of blinking
 i - a scroll of amnesia
 k - a scroll of fear {unknown}
 l - 4 scrolls of remove curse
 m - a scroll of teleportation
 o - a scroll of fog {unknown}
 q - 4 scrolls of identify {unknown}
 t - a scroll of enchant weapon {unknown}
 E - 3 scrolls of enchant armour {unknown}
Potions
 e - 2 potions of heal wounds {unknown}
 p - a potion of might {unknown}
 r - a potion of brilliance {unknown}
 s - 2 potions of curing
 w - 2 potions of berserk rage {unknown}
 x - a potion of flight {unknown}
 A - 2 potions of lignification {unknown}
Comestibles
 f - 11 rations


   Skills:
 + Level 6.4 Fighting
 * Level 8.5 Long Blades
 - Level 1.7 Throwing
 + Level 6.2 Dodging


You had 8 spell levels left.
You didn't know any spells.
Your spell library was empty.

Dungeon Overview and Level Annotations

Branches:
Dungeon (8/15)
 Temple: D:4-7         Lair: D:8-11

Altars:
Nemelex Xobeh

Shops:
D:7 *   D:8 (((

Annotations:
D:4 Natasha
D:8 Grum


Innate Abilities, Weirdness & Mutations

You have sharp fingernails.
You are mostly covered in thin metallic scales. (AC +3)
A weak demonic guardian rushes to your aid.
You sometimes gain power by taking damage.


Message History

You hit the two-headed ogre.
The two-headed ogre is heavily wounded.
The two-headed ogre completely misses you.
You riposte.
You hit the two-headed ogre.
The two-headed ogre is heavily wounded.
The two-headed ogre hits you with a +0 giant club!
You hit the two-headed ogre.
The two-headed ogre is heavily wounded.
You are feeling hungry.
You slash the two-headed ogre!
The two-headed ogre is severely wounded.
The two-headed ogre barely misses you. x2
The howler monkey hoots and howls with incredible vigour! x2
You hit the two-headed ogre but do no damage.
The two-headed ogre is severely wounded.
Your ufetubus disappears in a puff of smoke!
The two-headed ogre hits you with a +0 giant club!!
* * * LOW HITPOINT WARNING * * *
The two-headed ogre hits you with a +0 giant club!
You die...

. ## ### ... ..
#####.####h....
.#
##...†§5@Ohhg...
..#
#..########l5...
.# #.## ... ##
#.# . ##.# #..#
# #.## #### #.#
...#####.#
##.#.....#


You could see a two-headed ogre, Grum, a wolf, 2 howler monkeys, a crimson imp,
a leopard gecko and a friendly iron imp.

Vanquished Creatures
  Pikel (D:8)
  A water moccasin (D:8)
  An orc warrior (D:7)
  2 phantoms (D:4)
  An ice beast (D:8)
  A centaur (D:8)
  2 wolves (D:8)
  2 ogres
  2 bullfrogs
  A wyvern zombie (D:5)
  A scorpion (D:5)
  4 killer bees
  3 howler monkeys
  A quasit (D:4)
  A jelly (D:8)
  An orc wizard (D:8)
  2 bullfrog skeletons
  2 centaur skeletons (D:4)
  Natasha (D:4)
  4 worker ants (D:4)
  A worker ant zombie (D:5)
  Robin (D:4)
  12 adders
  2 oozes
  8 worms
  An adder skeleton (D:4)
  A dart slug (D:1)
  3 leopard geckos
  18 orcs
  3 giant cockroaches
  11 goblins
  20 hobgoblins
  3 jackals (D:3)
  5 quokkas
  4 ball pythons
  A ball python skeleton (D:4)
  8 bats
  7 frilled lizards
  5 kobolds
  7 rats
155 creatures vanquished.

Vanquished Creatures (collateral kills)
  A sky beast (D:8)
  A worker ant (D:8)
  An orc (D:8)
3 creatures vanquished.

Vanquished Creatures (others)
  A slave (D:8)
  An orc wizard (D:8)
  An orc priest (D:8)
  An orc (D:8)
4 creatures vanquished.

Grand Total: 162 creatures vanquished

Notes
Turn   | Place    | Note
-------+----------+-------------------------------------------
     0 | D:1      | Voker57 the Demonspawn Gladiator began the quest for the
                  | Orb.
     0 | D:1      | Reached XP level 1. HP: 16/16 MP: 1/1
   336 | D:1      | Reached skill level 3 in Long Blades
   336 | D:1      | Gained mutation: A weak demonic guardian rushes to your
                  | aid. [demonic ancestry]
   336 | D:1      | Reached XP level 2. HP: 18/22 MP: 2/2
  1104 | D:2      | Gained mutation: You are partially covered in thin metallic
                  | scales. (AC +2) [demonic ancestry]
  1104 | D:2      | Reached XP level 3. HP: 28/28 MP: 3/3
  1392 | D:2      | Noticed a bullfrog
  1402 | D:2      | Killed a bullfrog
  1402 | D:2      | Reached skill level 4 in Long Blades
  1402 | D:2      | Gained mutation: You sometimes gain a little power by
                  | taking damage. [demonic ancestry]
  1402 | D:2      | Reached XP level 4. HP: 21/34 MP: 4/4
  1821 | D:2      | Gained mutation: You have sharp fingernails. [demonic
                  | ancestry]
  1821 | D:2      | Reached XP level 5. HP: 16/41 MP: 5/5
  2535 | D:2      | Found a sparkling altar of Nemelex Xobeh.
  3415 | D:4      | Noticed a phantom
  3472 | D:3      | Gained mutation: You are mostly covered in thin metallic
                  | scales. (AC +3) [demonic ancestry]
  3472 | D:3      | Reached XP level 6. HP: 12/47 MP: 6/6
  3740 | D:4      | Reached skill level 5 in Long Blades
  3802 | D:4      | Gained mutation: You sometimes gain power by taking damage.
                  | [demonic ancestry]
  3802 | D:4      | Reached XP level 7. HP: 15/54 MP: 7/7
  4416 | D:4      | Noticed Robin
  4453 | D:4      | Killed Robin
  4611 | D:4      | Reached skill level 6 in Long Blades
  4802 | D:4      | Noticed Natasha
  4823 | D:4      | Killed Natasha
  5032 | D:4      | Noticed Natasha
  5134 | D:5      | Entered Level 5 of the Dungeon
  5390 | D:5      | Reached skill level 5 in Dodging
  5550 | D:5      | Reached XP level 8. HP: 54/61 MP: 8/8
  5563 | D:5      | Reached skill level 5 in Fighting
  5576 | D:5      | You fall through a shaft for 2 floors!
  5750 | D:7      | Found Qoub's Assorted Antiques.
  6392 | D:8      | Reached skill level 7 in Long Blades
  6764 | D:8      | Noticed Pikel
  6772 | D:8      | Found Meceawn's Antique Weapon Boutique.
  6775 | D:8      | Found Oggoupa's Weapon Shop.
  6825 | D:8      | Found Pottig's Antique Weapon Boutique.
  6838 | D:8      | Killed Pikel
  6838 | D:8      | Reached skill level 8 in Long Blades
  6838 | D:8      | Reached XP level 9. HP: 46/69 MP: 9/9
  7195 | D:8      | Noticed a two-headed ogre
  7198 | D:8      | Noticed Grum
  7216 | D:8      | Slain by a two-headed ogre

Levels and vault maps discovered:
D:1:      tarquinn_simple_flora_water_a, layout_basic
D:2:      layout_loops_ring, serial_bayou, serial_bayou_pond_d,
          serial_bayou_shore_b, serial_bayou_lake_a, serial_bayou_pond_d,
          serial_bayou_ford_a, serial_bayou_shore_b,
          nemelex_diamond_rough_becter
D:3:      layout_rooms
D:4:      layout_loops_ring, uniq_natasha, uniq_robin
D:5:      layout_basic, old_standard_altar, first_ration, uniq_menkaure,
          uniq_eustachio
D:7:      layout_gridville, serial_shops, nicolae_shop_overgrown_old_shop
D:8:      layout_rooms, serial_shops,
          nicolae_shop_temple_entry_statues_fountains, shop, shop,
          shop_fountains, uniq_pikel, uniq_grum

Skill      XL: |  1  2  3  4  5  6  7  8 |
---------------+-------------------------+-----
Long Blades    | 3 4 5 6 8 |  8.5
Dodging        | 3 4 5 6 |  6.2
Fighting       | 3 4 6 |  6.4
Throwing       | |  1.7

Action                   |  1- 3 |  4- 6 |  7- 9 || total
-------------------------+-------+-------+-------++-------
Melee: Long sword        |   100 |   234 |   341 ||   675
       Unarmed           |    28 |       |       ||    28
Throw: Throwing net      |     1 |     4 |     4 ||     9
Evoke: Wand              |       |       |     1 ||     1
  Use: Potion            |       |     2 |     1 ||     3
       Scroll            |       |       |     5 ||     5
 Stab: Distracted        |       |     1 |     4 ||     5
       Sleeping          |       |       |     3 ||     3
       Held in net/web   |       |       |     2 ||     2
  Eat: Chunk             |     2 |     8 |     8 ||    18
       Ration            |       |       |     1 ||     1
Armor: Leather armour    |    31 |    90 |   125 ||   246
Dodge: Dodged            |   116 |   216 |   339 ||   671
       Rpst.: Long sword |    22 |    71 |    93 ||   186

Table legend:
 A = Non-vault XP
 B = Vault XP
 C = Vault XP percentage of total XP
 D = Non-vault monster count
 E = Vault monster count
 F = Vault count percentage of total count
                 A         B        C        D         E       F
            +---------+---------+-------+---------+---------+-------
      Total |    2532 |     837 |  24.8 |     141 |      17 |  10.8
            +---------+---------+-------+---------+---------+-------
        D:1 |      40 |       0 |   0.0 |      23 |       0 |   0.0
        D:2 |     197 |       0 |   0.0 |      26 |       0 |   0.0
        D:3 |     159 |       0 |   0.0 |      23 |       0 |   0.0
        D:4 |     760 |      65 |   7.9 |      33 |      14 |  29.8
        D:5 |     246 |       0 |   0.0 |      10 |       0 |   0.0
        D:7 |     296 |       0 |   0.0 |       5 |       0 |   0.0
        D:8 |     834 |     772 |  48.1 |      21 |       3 |  12.5
            +---------+---------+-------+---------+---------+-------
